 Dungeon Crawl Stone Soup version 0.28.0-53-g5a82cb258f (webtiles) character file.

Game seed: 8049700813726133943

550 enile the Sneak (level 7, -5/35 HPs)
             Began as a Spriggan Enchanter on May 29, 2022.
             Was an Initiate of Vehumet.
             Slain by a centaur warrior (13 damage)
             ... created by the fury of Okawaru
             ... on level 5 of the Dungeon.
             The game lasted 00:07:00 (5378 turns).

enile the Sneak (Spriggan Enchanter)                Turns: 5378, Time: 00:07:00

Health: -5/35      AC:  2    Str:  4    XL:     7   Next: 7%
Magic:  14/14      EV: 19    Int: 16    God:    Vehumet [......]
Gold:   210        SH:  0    Dex: 18    Spells: 9/14 levels left

rFire   . . .      SeeInvis +   r - +0 dagger (venom)
rCold   . . .      Faith    +   (no shield)
rNeg    . . .      Spirit   .   b - +0 robe
rPois   .          Reflect  .   (helmet restricted)
rElec   .          Harm     .   (no cloak)
rCorr   .          Rampage  .   (gloves unavailable)
Will    +....                   (boots unavailable)
Stlth   +++.......              d - amulet of faith
HPRegen 0.11/turn               (no ring)
MPRegen 0.14/turn               (no ring)

@: slowed, quick
A: very small, no large weapons, unfitting armour, see invisible, speed 3
a: Renounce Religion


You were on level 5 of the Dungeon.
You worshipped Vehumet.
Vehumet was noncommittal.
You visited 1 branch of the dungeon, and saw 5 of its levels.

You collected 210 gold pieces.

Inventory:

Hand Weapons
 a - a +1 dagger of venom
 r - a +0 dagger of venom (weapon)
Missiles
 i - 150 stones (quivered)
Armour
 b - a +0 robe (worn)
Magical Staves
 e - a staff of poison
Jewellery
 d - an amulet of faith (around neck)
Wands
 q - a wand of flame (22)
 z - a wand of digging (5)
Scrolls
 c - a scroll of enchant weapon
 f - a scroll of noise {unknown}
 g - a scroll of immolation {unknown}
 j - 4 scrolls of amnesia
 n - a scroll of blinking {unknown}
 s - a scroll of identify
 w - 2 scrolls of magic mapping {unknown}
 y - a scroll of fear {unknown}
Potions
 h - a potion of mutation {unknown}
 k - a potion of magic {unknown}
 l - a potion of brilliance {unknown}
 m - a potion of attraction {unknown}
 o - 5 potions of curing
 p - a potion of heal wounds
 t - 2 potions of haste {unknown}
 u - 2 potions of degeneration {unknown}
 x - a potion of resistance {unknown}


   Skills:
 - Level 2.0 Fighting
 - Level 3.0 Short Blades
 - Level 5.0 Dodging
 - Level 6.0 Stealth
 - Level 4.0 Spellcasting
 - Level 5.0 Hexes
 + Level 3.9 Evocations


You had 9 spell levels left.
You knew the following spells:

 Your Spells              Type           Power      Damage    Failure   Level
a - Ensorcelled Hibernat  Hex/Ice        22%        N/A       9%          2
b - Tukima's Dance        Hex            19%        N/A       6%          3

Your spell library contained the following spells:

 Spells                   Type           Power      Damage    Failure   Level
 Confusing Touch          Hex            19%        N/A       6%          3
 Animate Skeleton         Necr           6%         N/A       17%         1
 Beastly Appendage        Tmut           6%         N/A       17%         1
 Dazzling Flash           Conj/Hex       22%        N/A       19%         3
 Wereblood                Tmut           3%         N/A       26%         2
 Spider Form              Tmut/Pois      3%         N/A       45%         3


Dungeon Overview and Level Annotations

Branches:
Dungeon (5/15)
 Temple: D:4-7

Altars:
Cheibriados
Dithmenos
Fedhas
Kikubaaqudgha
Okawaru
Qazlal
Ru
Trog
Vehumet
The Shining One


Innate Abilities, Weirdness & Mutations

You are very small and have problems with some larger weapons.
You are too small for most types of armour.
You have supernaturally acute eyesight. (SInv)
You cover ground extremely quickly. (Speed+++)


Message History

You hit the water moccasin zombie.
You punch the water moccasin zombie, but do no damage.
The water moccasin zombie is almost destroyed.
The water moccasin zombie misses you.
You hit the water moccasin zombie.
You destroy the water moccasin zombie!
Vehumet accepts your kill.
You have reached level 7!
There is an open door here.
You close the door.
There is a stone staircase leading down here.
You start resting.
Okawaru sends forces against you!
The divine experience drains your vigour!
You feel yourself slow down.
A centaur warrior, an orc knight, an orc warrior and an orc come into view.
There are monsters nearby!
Okay, then.
As you read the scroll labelled DUNUAN NYMOSK, it crumbles to dust.
It is a scroll of brand weapon.
Your +1 dagger drips with poison.
a - a +1 dagger of venom The orc warrior shouts!
The centaur warrior completely misses you.
The centaur warrior kicks you.
An orc sorcerer comes into view.
It is wielding a +0 dagger and wearing a +2 robe of the Archmagi.
The orc knight roars a battlecry!
The orcs go into a battle-frenzy!
The orc warrior closely misses you.
A warg comes into view.
The centaur warrior barely misses you. The centaur warrior kicks you.
Okay, then.
As you read the scroll of identify, it crumbles to dust.
c - a scroll of enchant weapon The centaur warrior hits you!
* * * LOW HITPOINT WARNING * * *
The centaur warrior closely misses you.
The orc sorcerer mumbles some strange words.
The centaur warrior hits you!
You die...

### #.. #.# .# #.# ..# #.#
..# #.# ..# #@# #.#
#c###### #.#
#oo....#########.#
###o...............#
#...3...)###.#####'#
##+##o###.###.##.....
#...#h......#.##.....
####+#...#######.#.##.....
.........#.....#.#..#.....


You could see an orc knight, a soul eater (summoned), a centaur warrior, a warg,
an orc sorcerer (strong), an orc warrior (strong) and an orc (strong).

Vanquished Creatures
  Sigmund (D:2)
  An ogre (D:4)
  A water moccasin zombie (D:5)
  2 jellies (D:4)
  Crazy Yiuf (D:4)
  An orc wizard (D:4)
  Ijyb (D:4)
  4 adders
  An ufetubus (D:5)
  A worm (D:2)
  2 dart slugs
  2 orcs (D:4)
  11 bats
  2 endoplasms
  4 giant cockroaches
  14 goblins
  7 hobgoblins
  4 jackals (D:2)
  5 kobolds
  2 quokkas
  5 ball pythons
  4 frilled lizards
  5 rats
81 creatures vanquished.

Vanquished Creatures (others)
  A plant (D:2)
1 creature vanquished.

Grand Total: 82 creatures vanquished

Notes
Turn   | Place    | Note
-------+----------+-------------------------------------------
     0 | D:1      | enile the Spriggan Enchanter began the quest for the Orb.
     0 | D:1      | Reached XP level 1. HP: 9/9 MP: 5/5
   228 | D:1      | Reached XP level 2. HP: 9/13 MP: 6/6
  1426 | D:2      | Learned a level 2 spell: Ensorcelled Hibernation
  1670 | D:2      | Reached skill level 5 in Hexes
  1765 | D:2      | Reached XP level 3. HP: 17/17 MP: 8/8
  1776 | D:2      | Found a stormy altar of Qazlal.
  1875 | D:2      | Reached skill level 1 in Fighting
  2044 | D:2      | Noticed Sigmund
  2322 | D:2      | Killed Sigmund
  2323 | D:2      | Reached skill level 5 in Dodging
  2323 | D:2      | Reached XP level 4. HP: 23/23 MP: 8/10
  2323 | D:2      | Reached XP level 5. HP: 26/26 MP: 8/11
  2540 | D:2      | Learned a level 3 spell: Tukima's Dance
  2625 | D:2      | Found a faded altar of an unknown god.
  2757 | D:2      | Got Plato's Grimoire of Dark Magic
  2843 | D:2      | Prayed at the altar of an unknown god.
  2843 | D:2      | Became a worshipper of Warmaster Okawaru
  2843 | D:2      | Reached * piety under Okawaru
  3115 | D:3      | Found a shadowy altar of Dithmenos.
  3415 | D:3      | Found a snail-covered altar of Cheibriados.
  3416 | D:3      | Found a blossoming altar of Fedhas.
  3418 | D:3      | Found a glowing golden altar of the Shining One.
  3420 | D:3      | Found a stormy altar of Qazlal.
  3453 | D:3      | Found a bloodstained altar of Trog.
  3578 | D:3      | Found an ancient bone altar of Kikubaaqudgha.
  3778 | D:4      | Noticed Ijyb
  3782 | D:4      | Killed Ijyb
  4004 | D:4      | Reached XP level 6. HP: 30/30 MP: 13/13
  4022 | D:4      | Found a sacrificial altar of Ru.
  4335 | D:4      | Reached skill level 5 in Stealth
  4652 | D:4      | Found a runed translucent door.
  4653 | D:4      | Noticed Crazy Yiuf
  4677 | D:4      | Found a radiant altar of Vehumet.
  4770 | D:4      | Reached skill level 6 in Stealth
  4832 | D:4      | Killed Crazy Yiuf
  5025 | D:4      | Fell from the grace of Okawaru
  5025 | D:4      | Became a worshipper of Vehumet
  5047 | D:5      | Entered Level 5 of the Dungeon
  5271 | D:5      | Reached XP level 7. HP: 13/35 MP: 14/14
  5374 | D:5      | Noticed a centaur warrior
  5374 | D:5      | Noticed an orc knight
  5376 | D:5      | Noticed an orc sorcerer
  5378 | D:5      | Slain by a centaur warrior

Illustrated notes

Levels and vault maps discovered:
D:1:      minmay_arrival_split_and_join, layout_basic,
          nicolae_figureground_pulse
D:2:      layout_loops_ring, shapermc_ecumenical_altar_rom_forum, basic_altar,
          uniq_sigmund
D:3:      layout_basic, mainiacjoe_overflow_alcove_2,
          grunt_temple_overflow_open, lemuel_coloured_pillars_altar,
          serial_corexii_hall, chequers_hall_statues_wall_a,
          corexii_hall_statues_u, corexii_hall_statues_l,
          chequers_hall_statues_y, corexii_hall_statues_x,
          chequers_hall_statues_wall_a
D:4:      layout_loops_ring, nicolae_vehumet_altar_sigil, old_standard_altar,
          uniq_crazy_yiuf_cottage, uniq_ijyb
D:5:      layout_basic

Skill      XL: |  1  2  3  4  5  6 |
---------------+-------------------+-----
Hexes          | 4 5 |  5.0
Fighting       | 2 |  2.0
Dodging        | 5 |  5.0
Spellcasting   | 3 4 |  4.0
Short Blades   | 2 3 |  3.0
Stealth        | 6 |  6.0
Evocations     | 3 |  3.9

Action                   |  1- 3 |  4- 6 |  7- 9 || total
-------------------------+-------+-------+-------++-------
Melee: Dagger            |   129 |   144 |       ||   273
       Punch             |     2 |     2 |       ||     4
Throw: Stone             |    14 |     2 |       ||    16
 Cast: Ensorcelled Hiber |    13 |    20 |       ||    33
  Use: Potion            |     3 |       |       ||     3
       Scroll            |     2 |       |     2 ||     4
 Stab: Sleeping          |    15 |    25 |       ||    40
       Invisible         |     2 |       |       ||     2
       Distracted        |       |     1 |       ||     1
Armor: Robe              |    15 |    11 |       ||    26
Dodge: Dodged            |   106 |    99 |     4 ||   209
